 Dungeon Crawl Stone Soup version 0.31-a0-177-g4aa6249778 (webtiles) character file.

Game seed: 867819490428274083

317 Nedwor the Trooper (level 6, -7/48 (49) HPs)
             Began as a Demonspawn Fighter on June 19, 2023.
             Killed by divine providence
             ... invoked by an orc priest
              (12 damage)
             ... on level 3 of the Dungeon.
             The game lasted 00:03:35 (1855 turns).

Nedwor the Trooper (Demonspawn Fighter)             Turns: 1855, Time: 00:03:37

HP:   -7/48 (49)    AC: 12    Str: 18    XL:     6   Next: 20%
MP:   6/6           EV:  8    Int: 10    God:
Gold: 133           SH:  4    Dex: 12    Spells: 5/5 levels left

rFire   . . .        a - +0 rapier
rCold   . . .        c - +0 buckler
rNeg    . . .        i - +0 chain mail
rPois   .            (no helmet)
rElec   .            (no cloak)
rCorr   .            l - +0 pair of gloves
SInv    .            g - +0 pair of boots
Will    .....        (no amulet) Stlth
                     (no ring)
HPRegen 0.28/turn    (no ring)
MPRegen 0.10/turn

%: no passive effects
@: lightly drained
A: rugged brown scales 1, weakness stinger 2
a: no special abilities


You were on level 3 of the Dungeon.
You visited 1 branch of the dungeon, and saw 3 of its levels.

You collected 133 gold pieces.

Inventory:

Hand Weapons
 a - a +0 rapier (weapon)
Armour
 c - a +0 buckler (worn)
 g - a +0 pair of boots (worn)
 i - a +0 chain mail (worn)
 l - a +0 pair of gloves (worn)
Jewellery
 d - a ring of ice
 j - a ring of ice
Scrolls
 b - a scroll of amnesia {unknown}
 e - a scroll of teleportation {unknown}
 f - a scroll of poison {unknown}
 h - 3 scrolls of identify
 m - a scroll of acquirement {unknown}
Potions
 k - a potion of mutation


   Skills:
 + Level 3.9 Fighting
 * Level 3.6 Short Blades
 + Level 3.6 Armour
 + Level 2.0 Dodging
 + Level 3.5 Shields


You had 5 spell levels left.
You didn't know any spells.
Your spell library was empty.

Dungeon Overview and Level Annotations

Branches:
Dungeon (3/15)

Altars:


Innate Abilities, Weirdness & Mutations

You are partially covered in rugged brown scales. (AC +1, +3% HP)
You have a tail ending in a sharp stinger.


Message History

You are too injured to fight recklessly!
You are too injured to fight recklessly!
You are too injured to fight recklessly!
You are too injured to fight recklessly!
You are too injured to fight recklessly!
You are too injured to fight recklessly!
You are too injured to fight recklessly!
You are too injured to fight recklessly!
You barely miss the orc priest.
The orc priest hits you but does no damage.
You closely miss the orc priest. You block the orc priest's attack.
You barely miss the orc priest. You tail-slap the orc priest.
The orc priest is moderately wounded.
The orc priest hits you but does no damage.
You barely miss the orc priest. You tail-slap the orc priest.
The orc priest is moderately wounded.
The orc priest hits you but does no damage.
You barely miss the orc priest.
The orc priest is moderately wounded.
The orc priest invokes the aid of Beogh against you.
Beogh smites you!
You hit the orc priest.
The orc priest is severely wounded.
The orc priest completely misses you.
You closely miss the orc priest.
You tail-slap the orc priest, but do no damage.
The orc priest is severely wounded.
The orc priest invokes the aid of Beogh against you.
You barely resist. You hit the orc priest.
Your tail-slap misses the orc priest.
The orc priest is almost dead.
The orc priest hits you but does no damage.
You completely miss the orc priest.
The orc priest is almost dead.
The orc priest calls down the wrath of Beogh upon you.
Beogh smites you!
* * * LOW HITPOINT WARNING * * *
The orc priest invokes the aid of Beogh against you.
Beogh smites you!
You die...

########.#.##....#
#<......#.##....#
...##...#.##.####
.................
#
#########'######.
#. ##......#.#
###.. #..#...##.#
......#####.##).#
#!o@..#)#...#
#..o##......).#
#.. ##........# #.
#.........# #
+#...#.......
#.........###
#........##
........#+
...#+#...#


You could see an orc priest and an orc.

Vanquished Creatures
  Sigmund (D:2)
  Terence (D:2)
  Jessica (D:2)
  4 gnolls (D:2)
  2 adders
  A worm (D:2)
  2 dart slugs
  3 orcs (D:3)
  3 endoplasms
  A giant cockroach (D:2)
  5 goblins
  5 hobgoblins
  3 kobolds (D:2)
  3 ball pythons
  2 bats
  2 frilled lizards
  A rat (D:2)
40 creatures vanquished.

Notes
Turn   | Place    | Note
-------+----------+-------------------------------------------
     0 | D:1      | Nedwor the Demonspawn Fighter began the quest for the Orb.
     0 | D:1      | Reached XP level 1. HP: 18/18 MP: 1/1
   272 | D:1      | Gained mutation: You are partially covered in rugged brown
                  | scales. (AC +1, +3% HP) [demonic ancestry]
   272 | D:1      | Reached XP level 2. HP: 18/24 MP: 2/2
   663 | D:2      | Noticed Sigmund
   690 | D:2      | Killed Sigmund
   691 | D:2      | Reached skill level 1 in Dodging
   691 | D:2      | Reached XP level 3. HP: 14/30 MP: 3/3
   691 | D:2      | Gained mutation: You have a small tail. [demonic ancestry]
   691 | D:2      | Reached XP level 4. HP: 17/38 MP: 4/4
   691 | D:2      | Reached XP level 5. HP: 20/43 MP: 5/5
   793 | D:2      | Noticed Jessica
   835 | D:2      | Killed Jessica
  1117 | D:2      | Noticed Terence
  1151 | D:2      | Killed Terence
  1310 | D:2      | Gained mutation: You have a tail ending in a sharp stinger.
                  | [demonic ancestry]
  1310 | D:2      | Reached XP level 6. HP: 34/46 MP: 6/6
  1855 | D:3      | Killed from afar by an orc priest

Illustrated notes

Levels and vault maps discovered:
D:1:      lemuel_arrival_lava_pool, layout_basic,
          wander_ebering_terrifying_dragon_lair
D:2:      layout_basic, serial_aquarium, aquarium_bridge_island_small
          [aquarium_subvault_small_open, aquarium_subvault_bridge,
          aquarium_subvault_bridge, aquarium_subvault_bridge,
          aquarium_subvault_wall], aquarium_window_2, aquarium_window_3,
          aquarium_view_2c, aquarium_view_2a, aquarium_balcony_3b,
          aquarium_pool_double, uniq_sigmund, uniq_terence, uniq_jessica
D:3:      layout_basic, nicolae_overflow_two_pavilions,
          overflow_temple_1_default, minmay_pentangle

Skill      XL: |  1  2  3  4  5  6 |
---------------+-------------------+-----
Short Blades   | 2 3 |  3.6
Armour         | 3 |  3.6
Dodging        | 1 2 |  2.0
Shields        | 3 |  3.5
Fighting       | |  3.9

Action                     |  1- 3 |  4- 6 || total
---------------------------+-------+-------++-------
  Melee: Rapier            |    73 |   155 ||   228
         Tailslap          |       |    24 ||    24
    Use: Potion            |     1 |     1 ||     2
         Scroll            |       |     1 ||     1
   Stab: Invisible         |       |     1 ||     1
 Armour: Scale mail        |     4 |       ||     4
         Chain mail        |    27 |    67 ||    94
  Dodge: Dodged            |    25 |    45 ||    70
  Block: Buckler           |    15 |    27 ||    42

Table legend: (Time is in decaauts)
 A = Elapsed time spent in this place.
 B = Non-inter-level travel time spent in this place.
 C = Inter-level travel time spent in this place.
 D = Time resting spent in this place.
 E = Time spent auto-exploring this place.
 F = Levels seen in this place.
 G = Mean time per level.
                   A        B        C        D        E       F      G
               +--------+--------+--------+--------+--------+-----+--------+
         Total |   1875 |   1827 |     48 |    175 |   1182 |   3 |  625.0 |
       Dungeon |   1875 |   1827 |     48 |    175 |   1182 |   3 |  625.0 |
               +--------+--------+--------+--------+--------+-----+--------+

Top non-repeatable levels by time:
     D:2: 1131 daAuts
     D:1: 610 daAuts
     D:3: 133 daAuts
